 Dungeon Crawl Stone Soup version 0.17-a0-1914-gde4187c (webtiles) character file.

122497 kae the Minotaur Blade (level 16, -2/147 HPs)
             Began as a Minotaur Fighter on Sept 26, 2015.
             Was the Champion of Makhleb.
             Slain by an Executioner (11 damage)
             ... on level 1 of the Abyss.
             The game lasted 00:47:41 (35598 turns).

kae the Minotaur Blade (Minotaur Fighter)          Turns: 35598, Time: 00:47:41

Health: -2/147     AC: 22    Str: 26    XL:     16   Next: 34%
Magic:  0/25       EV:  8    Int: 10    God:    Makhleb [******]
Gold:   2576       SH: 11    Dex: 21    Spells: 0 memorised, 15 levels left

rFire  . . .     SeeInvis .     b - +5 falchion (freeze)
rCold  + + .     Clarity  +     Z - +4 ring mail of Loss {rC+ Int+3}
rNeg   . . .     SustAt   .     c - +0 shield
rPois  .         Gourm    .     i - +2 hat
rElec  .         Spirit   +     q - +2 cloak
rCorr  .         Warding  .     d - +2 pair of gloves
rMut   .         Stasis   .     D - +0 pair of boots of the First Snow {+Fly rF+}
MR     .....                    M - amulet of guardian spirit
Stlth  +.........               K - ring "Iqawux" {Ice MR- Str+4 Slay+5}
                                P - +5 ring of dexterity

@: not resistant to hostile enchantments, very unstealthy
A: retaliatory headbutt, horns 2, agile 1, clarity, robust 1
a: Minor Destruction, Lesser Servant of Makhleb, Major Destruction, Greater
Servant of Makhleb, Renounce Religion, Evoke Flight


You were on level 1 of the Abyss.
You worshipped Makhleb.
Makhleb was exalted by your worship.
You were very hungry.

You visited 4 branches of the dungeon, and saw 28 of its levels.
You visited the Abyss 2 times.

You collected 2608 gold pieces.
You spent 32 gold pieces at shops.

Inventory:

Hand weapons
 a - a +2 scimitar of flaming
 b - a +5 falchion of freezing (weapon)
Armour
 c - a +0 shield (worn)
 d - a +2 pair of gloves (worn)
 i - a +2 hat (worn)
 q - a +2 cloak (worn)
 D - the +0 pair of boots of the First Snow (worn) {+Fly rF+}
   (You found it on level 13 of the Dungeon)

   It protects you from fire.
   It lets you fly.
 Z - the +4 ring mail of Loss (worn) {rC+ Int+3}
   (You found it on level 13 of the Dungeon)

   It affects your intelligence (+3).
   It protects you from cold.
Jewellery
 h - an uncursed ring of protection from fire
 l - an uncursed ring of see invisible
 m - an uncursed ring of protection from magic
 v - an uncursed ring of protection from cold
 K - the ring "Iqawux" (right hand) {Ice MR- Str+4 Slay+5}
   (You took it off a deep elf mage on level 13 of the Dungeon)

   [ring of ice]

   It enhances your ice magic, and weakens your fire magic.
   It affects your strength (+4).
   It affects your accuracy and damage with ranged weapons and melee attacks
   (+5).
   It makes you vulnerable to fire.
   It protects you from cold.
   It affects your resistance to hostile enchantments.
 M - an amulet of guardian spirit (around neck)
 O - an uncursed ring of protection from fire
 P - a +5 ring of dexterity (left hand)
Scrolls
 j - a scroll of enchant armour
 k - 5 scrolls of fog
 t - a scroll of enchant weapon
 x - 3 scrolls of blinking
 y - a scroll of magic mapping
 z - 10 scrolls of remove curse
 E - a scroll of summoning
 H - 10 scrolls of identify
 N - 3 scrolls of fear
 Q - 4 scrolls of recharging
 X - 6 scrolls of teleportation
Potions
 f - a potion of cancellation
 g - a potion of agility
 p - 8 potions of curing
 s - 4 potions of flight
 u - a potion of resistance
 A - 2 potions of magic
 I - a potion of berserk rage
 L - a potion of heal wounds
 U - 3 potions of haste
Comestibles
 e - 15 bread rations


   Skills:
 - Level 10.0 Fighting
 + Level 23.8 Long Blades
 - Level 13.4 Armour
 - Level 3.6 Shields
 - Level 14.2 Invocations


You had 15 spell levels left.
You didn't know any spells.

Dungeon Overview and Level Annotations

Branches:
Dungeon (15/15)            Temple (1/1) D:4            Lair (8/8) D:9
 Shoals (0/4) Lair:4       Spider (0/4) Lair:3        Slime (0/6) Lair:7
    Orc (4/4) D:12            Elf (0/3) Orc:4        Vaults (0/5) D:14
 Depths (0/5) D:15

Altars:
Ashenzari
Cheibriados
Dithmenos
Elyvilon
Fedhas
Gozag
Kikubaaqudgha
Makhleb
Nemelex Xobeh
Okawaru
Qazlal
Ru
Sif Muna
Trog
Vehumet
Xom
Yredelemnul
Zin
The Shining One
Beogh
Jiyva

Shops:
D:11 }   Orc:4 *(}*

Annotations:
D:14 exclusion: oklob plant
D:15 4thArraOfDagon's ghost, weakling FoFi; Louise


Innate Abilities, Weirdness & Mutations

You reflexively headbutt those who attack you in melee.
You have a pair of horns on your head.
You are agile. (Dex +2)
You possess an exceptional clarity of mind.
You are robust (+10% HP).


Message History

* * * LOW HITPOINT WARNING * * *
The Executioner hits you.
* * * LOW HITPOINT WARNING * * *
The Executioner hits you but does no damage.
The Executioner hits you.
* * * LOW HITPOINT WARNING * * *
You block the Executioner's attack. The Executioner hits you.
* * * LOW HITPOINT WARNING * * *
The Executioner burns!
The Executioner hits you but does no damage. x2
You block the Executioner's attack. The Executioner gestures at you.
Pain shoots through your body!
* * * LOW HITPOINT WARNING * * *
Read which item? (? for menu, Esc to quit)
As you read the scroll labeled JYNATSE ZOSAUL, it crumbles to dust.
You hear snatches of song.
It was a scroll of random uselessness.
The Executioner burns!
The Executioner hits you!
You die...

. ........#
. ..
#...... #.
# . # #. .
.## #.# ..
#.##.##.##
#.
#.####.#. .
# ##...XX#
## ##XXX#
##1#X.XXE..
#@###XX.#X#
### X#....
# .## ) .


You could see 4 starcursed masses, an Executioner (burning) and a large
abomination.

Vanquished Creatures
  Saint Roka (Orc:4)
  Gastronok (D:8)
  Frances (D:14)
  Maud (Orc:3)
  2 deep elf sorcerers (D:13)
  A stone giant (Orc:4)
  A salamander stormcaller (D:15)
  A dire elephant (Lair:8)
  Josephine (Orc:3)
  Harold (D:12)
  Erolcha (D:11)
  A catoblepas (Lair:7)
  A rakshasa (Abyss:1)
  The ghost of derrpe the Covert, a powerful SpAr of Nemelex Xobeh (Lair:5)
  3 centaur warriors
  A queen ant (Lair:8)
  Erica (D:11)
  3 ogre magi
  A vampire mage (D:13)
  An anaconda (Lair:8)
  8 death yaks
  A deep troll earth mage (D:9)
  6 orc high priests (Orc:4)
  A deep elf knight (D:14)
  A skeletal warrior (D:11)
  A fire crab (Lair:7)
  A flayed ghost (D:15)
  2 unseen horrors
  Pikel (D:8)
  6 hill giants
  5 orc knights
  4 cyclopes
  11 ugly things
  A wolf spider zombie (D:13)
  A stone giant zombie (D:15)
  2 griffons
  9 orc sorcerers
  A siren (Lair:4)
  15 elephants
  2 manticores
  A smoke demon (Abyss:1)
  3 black mambas
  An elf zombie (D:15)
  4 naga magi (D:13)
  7 komodo dragons
  A torpor snail (Lair:6)
  2 yaktaurs (D:14)
  13 spiny frogs
  An efreet (D:15)
  A yaktaur zombie (D:15)
  A freezing wraith (D:15)
  A jumping spider (Lair:3)
  A guardian mummy (D:15)
  6 trolls
  3 fire drakes
  A deep elf priest (D:14)
  7 two-headed ogres
  6 polar bears
  A wolf spider simulacrum (D:15)
  9 blink frogs
  11 deep elf magi
  A redback (Lair:3)
  A tarantella (shapeshifter) (D:14)
  5 wraiths
  5 basilisks
  3 fire bats (Orc:1)
  A water elemental (D:15)
  31 yaks
  10 hippogriffs
  2 mottled dragons
  Grum (D:9)
  2 wyverns
  3 wargs (Orc:4)
  31 wolves
  2 hungry ghosts
  Menkaure (D:7)
  A deep elf fighter (D:14)
  A steam dragon (D:10)
  10 soldier ants
  49 orc warriors
  22 water moccasins
  A sky beast (D:7)
  11 porcupines
  3 black bears
  2 phantoms
  5 ice beasts
  4 slaves (D:8)
  A spider (Lair:3)
  7 starcursed masses
  33 ogres
  A boggart (D:14)
  2 wasps
  19 crocodiles
  3 big kobolds
  14 centaurs
  19 giant frogs
  A wyvern zombie (D:6)
  A wyvern skeleton (D:10)
  3 water moccasin zombies
  6 scorpions
  13 killer bees
  5 electric eels
  14 wights
  A jelly (D:8)
  9 crimson imps
  A giant frog zombie (D:12)
  30 orc priests
  2 centaur zombies
  2 giant frog skeletons
  Crazy Yiuf (D:4)
  A quasit (D:7)
  8 iguanas
  12 hounds
  25 worker ants
  Jessica (D:3)
  4 centaur skeletons
  33 orc wizards
  Natasha (thrice) (D:3)
  36 sheep
  A hound zombie (D:5)
  4 hound skeletons
  3 worker ant zombies
  Robin (D:3)
  A gnoll (D:1)
  15 adders
  75 river rats
  4 shadow imps
  2 oozes
  6 adder skeletons
  2 adder zombies
  A worm (D:5)
  6 giant geckos
  266 orcs
  8 bats
  5 giant cockroaches
  12 goblins
  12 hobgoblins
  20 jackals
  4 quokkas
  2 ball pythons
  A giant gecko zombie (D:4)
  9 giant newts
  A jackal zombie (D:4)
  12 kobolds
  A quokka zombie (D:4)
  7 rats
  3 bushes (D:14)
  A fire vortex (D:15)
  8 plants
1197 creatures vanquished.

Vanquished Creatures (collateral kills)
  2 dire elephants (Lair:8)
  A fire dragon (Lair:8)
  7 hydras
  A griffon (Lair:8)
  2 manticores (Lair:8)
  4 elephants (Lair:7)
  2 spiny frogs
  Psyche (D:8)
  A large abomination (Abyss:1)
  3 fire drakes (Lair:8)
  3 blink frogs (Lair:7)
  A human (D:8)
  A yak (Lair:7)
  A wyvern (Lair:8)
  5 basilisks (Lair:8)
  6 wolves
  6 hippogriffs (Lair:8)
  A hell hound (Lair:8)
  A sky beast (D:8)
  2 orc warriors (Orc:4)
  A giant frog (Lair:5)
  2 starcursed masses (Abyss:1)
  An orc priest (Orc:4)
  An iguana (Lair:3)
  4 sheep
  13 orcs (Orc:4)
  A fungus (Lair:2)
74 creatures vanquished.

Vanquished Creatures (others)
  A centaur skeleton (D:15)
  A yak (Lair:7)
  An orc wizard (Orc:4)
  An orc (Orc:4)
  A bush (Lair:7)
  14 fungi
  24 plants
43 creatures vanquished.

Grand Total: 1314 creatures vanquished

Notes
Turn   | Place    | Note
--------------------------------------------------------------
     0 | D:1      | kae the Minotaur Fighter began the quest for the Orb.
     0 | D:1      | Reached XP level 1. HP: 19/19 MP: 0/0
   139 | D:1      | Reached XP level 2. HP: 21/26 MP: 1/1
   414 | D:1      | Reached skill level 4 in Long Blades
   505 | D:1      | Reached XP level 3. HP: 9/31 MP: 2/2
  1000 | D:2      | Reached skill level 5 in Long Blades
  1169 | D:2      | Reached XP level 4. HP: 33/39 MP: 3/3
  2132 | D:3      | Noticed Jessica
  2138 | D:3      | Killed Jessica
  2138 | D:3      | Reached skill level 6 in Long Blades
  2138 | D:3      | Reached XP level 5. HP: 13/45 MP: 4/4
  2375 | D:3      | Noticed Natasha
  2379 | D:3      | Killed Natasha
  2523 | D:3      | Noticed Robin
  2532 | D:3      | Killed Robin
  2544 | D:3      | Noticed Natasha
  2546 | D:3      | Killed Natasha
  2546 | D:3      | Reached skill level 7 in Long Blades
  2632 | D:3      | Found a glowing silver altar of Zin.
  2632 | D:3      | Noticed an angel
  2778 | D:3      | Noticed Natasha
  2787 | D:3      | Killed Natasha
  3025 | D:3      | Found a blossoming altar of Fedhas.
  3246 | D:4      | Found a staircase to the Ecumenical Temple.
  3324 | D:4      | Reached XP level 6. HP: 47/51 MP: 5/5
  3341 | Temple   | Entered the Ecumenical Temple
  3577 | D:4      | Reached skill level 8 in Long Blades
  3617 | D:4      | Noticed Crazy Yiuf
  3623 | D:4      | Killed Crazy Yiuf
  4077 | D:4      | Reached skill level 9 in Long Blades
  4258 | D:4      | Found a burning altar of Makhleb.
  4275 | D:4      | Became a worshipper of Makhleb the Destroyer
  4462 | D:5      | Entered Level 5 of the Dungeon
  4668 | D:5      | Reached XP level 7. HP: 20/57 MP: 6/6
  5060 | D:5      | Reached skill level 10 in Long Blades
  5105 | D:5      | Noticed a hippogriff
  5118 | D:5      | Killed a hippogriff
  5121 | D:5      | Gained mutation: You possess an exceptional clarity of mind. [potion of mutation]
  5121 | D:5      | Gained mutation: You are agile. (Dex +2) [potion of mutation]
  5121 | D:5      | Gained mutation: You are robust (+10% HP). [potion of mutation]
  5142 | D:5      | Reached skill level 11 in Long Blades
  5150 | D:5      | Reached XP level 8. HP: 32/70 MP: 7/7
  5489 | D:5      | Acquired Makhleb's first power
  5706 | D:5      | Reached skill level 12 in Long Blades
  6177 | D:6      | Reached skill level 13 in Long Blades
  6487 | D:6      | Acquired Makhleb's second power
  6552 | D:6      | Reached XP level 9. HP: 66/77 MP: 8/8
  6869 | D:6      | Reached skill level 14 in Long Blades
  7541 | D:7      | Noticed Menkaure
  7567 | D:7      | Killed Menkaure
  7722 | D:7      | Reached skill level 15 in Long Blades
  7867 | D:7      | Acquired Makhleb's third power
  8375 | D:8      | Noticed Pikel
  8401 | D:8      | Killed Pikel
  8401 | D:8      | Reached skill level 16 in Long Blades
  8401 | D:8      | Reached XP level 10. HP: 69/84 MP: 9/9
  8572 | D:8      | Found an iron altar of Okawaru.
  8745 | D:8      | Noticed Psyche
  8762 | D:8      | Killed Psyche
  9050 | D:8      | Noticed Gastronok
  9065 | D:8      | Killed Gastronok
  9065 | D:8      | Reached skill level 17 in Long Blades
  9362 | D:9      | Noticed Grum
  9540 | D:9      | Reached skill level 18 in Long Blades
  9617 | D:9      | Acquired Makhleb's fourth power
  9799 | D:9      | Noticed a deep troll earth mage
  9879 | D:9      | Reached skill level 1 in Invocations
 10006 | D:9      | Found a snail-covered altar of Cheibriados.
 10022 | D:9      | Found a stormy altar of Qazlal.
 10028 | D:9      | Found a basalt altar of Yredelemnul.
 10092 | D:9      | Killed Grum
 10271 | D:9      | Found a staircase to the Lair.
 10287 | D:9      | Reached XP level 11. HP: 83/93 MP: 11/11
 10379 | D:9      | HP: 4/93 [deep troll earth mage (12)]
 10384 | D:9      | Killed a deep troll earth mage
 10384 | D:9      | Reached skill level 5 in Fighting
 10965 | D:9      | Found a roughly hewn altar of Beogh.
 11463 | Lair:1   | Entered Level 1 of the Lair of Beasts
 11941 | Lair:1   | Acquired Makhleb's fifth power
 12586 | Lair:1   | Reached skill level 5 in Invocations
 14895 | Lair:3   | Reached XP level 12. HP: 112/116 MP: 14/16
 15504 | Lair:3   | Reached skill level 10 in Fighting
 15601 | Lair:3   | Found a hole to the Spider Nest.
 16631 | Lair:4   | Found a sparkling altar of Nemelex Xobeh.
 17101 | Lair:4   | Found a staircase to the Shoals.
 17621 | Lair:5   | Reached skill level 10 in Invocations
 17767 | Lair:5   | Noticed a four-headed hydra
 17775 | Lair:5   | Killed a four-headed hydra
 17813 | Lair:5   | Noticed derrpe's ghost (powerful SpAr)
 17829 | Lair:5   | Killed derrpe's ghost
 19216 | Lair:6   | Reached XP level 13. HP: 67/124 MP: 8/21
 20239 | Lair:7   | Found a staircase to the Slime Pits.
 20239 | Lair:7   | Found a viscous altar of Jiyva.
 21056 | Lair:7   | Reached skill level 5 in Armour
 22128 | Lair:8   | Entered Level 8 of the Lair of Beasts
 22162 | Lair:8   | Reached skill level 10 in Armour
 22289 | Lair:8   | Reached XP level 14. HP: 133/133 MP: 20/23
 23959 | Lair:8   | Got a steaming pewter ring
 23961 | Lair:8   | Identified the ring of Irups {+Blink Int+5} (You found it on level 8 of the Lair of Beasts)
 24757 | D:10     | Entered Level 10 of the Dungeon
 25410 | D:11     | Noticed Erolcha
 25420 | D:11     | Killed Erolcha
 25489 | D:11     | Found Xeut's Gadget Shop.
 25837 | D:11     | Found a basalt altar of Yredelemnul.
 25895 | D:11     | Noticed Erica
 25914 | D:11     | Killed Erica
 25914 | D:11     | Reached skill level 19 in Long Blades
 26308 | D:12     | Found a stormy altar of Qazlal.
 26315 | D:12     | Found a staircase to the Orcish Mines.
 26941 | D:12     | Noticed Harold
 26956 | D:12     | Killed Harold
 27197 | D:13     | Found a glowing golden altar of the Shining One.
 28060 | D:13     | Noticed a deep elf sorcerer
 28067 | D:13     | Killed a deep elf sorcerer
 28067 | D:13     | Reached skill level 20 in Long Blades
 28067 | D:13     | Reached XP level 15. HP: 136/136 MP: 24/24
 28076 | D:13     | Identified the Incunabulum of Feathery Execration
 28112 | D:13     | Found a deep blue altar of Sif Muna.
 28126 | D:13     | Noticed a deep elf sorcerer
 28132 | D:13     | Cast into the Abyss (a deep elf sorcerer)
 28199 | D:13     | Escaped the Abyss
 28215 | D:13     | Killed a deep elf sorcerer
 28269 | D:13     | Got a vibrating ivory ring
 28317 | D:13     | Identified the Grimoire of Beguiling and Envenoming
 28383 | D:13     | Identified Kiock's Almanac of the Earthen Snowflakes
 28385 | D:13     | Identified Sif Muna's Almanac of Creation and Good Luck
 28435 | D:13     | Got a pair of twisted boots
 28441 | D:13     | Identified the +0 pair of boots of the First Snow {+Fly rF+} (You found it on level 13 of the Dungeon)
 28445 | D:13     | Got a transparent ring mail
 28456 | D:13     | Identified the +4 ring mail of Loss {rC+ Int+3} (You found it on level 13 of the Dungeon)
 28458 | D:13     | Identified the ring "Iqawux" {Ice MR- Str+4 Slay+5} (You took it off a deep elf mage on level 13 of the Dungeon)
 28608 | Orc:1    | Entered Level 1 of the Orcish Mines
 29369 | Orc:2    | Found a roughly hewn altar of Beogh.
 29899 | Orc:3    | Noticed Maud
 29914 | Orc:3    | Killed Maud
 30070 | Orc:3    | Noticed Josephine
 30084 | Orc:3    | Killed Josephine
 30320 | Orc:2    | Found a bloodstained altar of Trog.
 30586 | Orc:4    | Entered Level 4 of the Orcish Mines
 30623 | Orc:4    | Reached skill level 21 in Long Blades
 31281 | Orc:4    | Found a staircase to the Elven Halls.
 31518 | Orc:4    | Noticed Saint Roka
 31578 | Orc:4    | Killed Saint Roka
 31873 | Orc:4    | Reached skill level 22 in Long Blades
 31935 | Orc:4    | Found Ziestuge's Assorted Antiques.
 31962 | Orc:4    | Found a roughly hewn altar of Beogh.
 31980 | Orc:4    | Found Loduotothra's Gadget Emporium.
 32361 | Orc:4    | Found a roughly hewn altar of Beogh.
 32501 | Orc:4    | Found Extec's General Store.
 32517 | Orc:4    | Bought a cursed -2 ring of evasion for 32 gold pieces
 32524 | Orc:4    | Found Viwnenepnia's Weapon Shoppe.
 33503 | D:14     | Noticed Frances
 33521 | D:14     | Killed Frances
 33890 | D:14     | Found a gate to the Vaults.
 33892 | D:14     | Reached XP level 16. HP: 147/147 MP: 23/25
 33935 | D:14     | Reached skill level 23 in Long Blades
 34255 | D:14     | Found a blossoming altar of Fedhas.
 34668 | D:15     | Entered Level 15 of the Dungeon
 34668 | D:15     | Found a staircase to the Depths.
 34668 | D:15     | Noticed Louise
 34672 | D:15     | Noticed 4thArraOfDagon's ghost (weakling FoFi)
 35533 | D:15     | Cast into the Abyss (Louise)
 35574 | Abyss:1  | Paralysed by accursed screaming for 1 turns
 35581 | Abyss:1  | Paralysed by accursed screaming for 2 turns
 35585 | Abyss:1  | Noticed an Executioner
 35588 | Abyss:1  | Paralysed by accursed screaming for 1 turns
 35598 | Abyss:1  | Slain by an Executioner

Vault maps used:
D:1:      wheals_arrival_linesprint, hex_medium, roderic_lattice_a,
          minmay_newt_pond
D:2:      first_bread
D:3:      zin_angel, overflow_temple_1_default, uniq_natasha, uniq_jessica,
          uniq_robin
D:4:      makhleb_blood_cavern_becter, minmay_temple_entry_hall, serial_undead,
          serial_undead_b, serial_undead_b, serial_undead_c, serial_undead_a,
          uniq_crazy_yiuf_cottage
D:5:      minmay_joined_circles
D:7:      uniq_menkaure
D:8:      lemuel_crystal_altar, grunt_pizzeria, nicolae_water_bricks,
          uniq_pikel, uniq_psyche, uniq_gastronok
D:9:      minitemple, minmay_lair_entry_lava, special_room,
          kennysheep_just_a_vault, uniq_grum
D:11:     basic_altar, serial_shops, kennysheep_mini, minmay_diamond_spiral,
          uniq_erica, uniq_erolcha
D:12:     orc_0_dummy, grunt_qazlal_sundering, uniq_harold
D:13:     evilmike_library_of_no_secrets, basic_altar, hangedman_decor_opposing
D:14:     hangedman_vaults_entry_quadrant_bands, patterned_corridor,
          minmay_misc_feat_plants, tgw_fedhas, uniq_frances
D:15:     gammafunk_depths_entry_grave, serial_ice, serial_ice_i, serial_ice_m,
          serial_ice_b, serial_ice_c, portal_ice_cave_entry_pillars_03,
          uniq_louise
Temple:   jpeg_temple_clearing_12
Lair:1:   beast_lair_carwin_large_2, lemuel_fruit_fields
Lair:2:   minmay_stone_trees_small
Lair:3:   beast_lair_carwin_large_4, spider_nest_entry_funnel_web, serial_bayou,
          serial_bayou_ford_a, serial_bayou_pond_e, serial_bayou_lagoon_a,
          serial_bayou_shore_a
Lair:4:   minmay_shoals_entry_lonely_mermaid, basic_altar
Lair:5:   grunt_megastairs_3
Lair:6:   beast_lair_carwin_4, serial_bayou_shore_b
Lair:7:   slime_altar_1
Lair:8:   due_jungle_book, special_room, minivault_11, minmay_hedge_maze,
          minmay_another_anthill
Orc:1:    nicolae_volcano_entry_batcave, mines4_lemuel
Orc:2:    nicolae_orc_accident_2, basic_altar
Orc:3:    nicolae_orc_pool_cavern, uniq_maud, uniq_josephine
Orc:4:    pubby_orc_utopia, uniq_saint_roka
Abyss:1:  onia_ninara_dug_in_and_dangerous

Action                   |  1- 3 |  4- 6 |  7- 9 | 10-12 | 13-15 | 16-18 || total
-------------------------+-------+-------+-------+-------+-------+-------++-------
Melee: Long sword        |    79 |   210 |   425 |   303 |       |       ||  1017
       Falchion          |       |       |       |   719 |  2034 |   299 ||  3052
Invok: Lesser Servant of |       |       |       |     8 |     8 |       ||    16
       Minor Destruction |       |       |       |     3 |     9 |       ||    12
       Greater Servant o |       |       |       |     1 |    13 |     2 ||    16
       Major Destruction |       |       |       |       |       |     2 ||     2
 Abil: Evoke Flight      |       |       |       |       |     1 |       ||     1
Evoke: Wand              |       |       |       |       |     1 |       ||     1
  Use: Potion            |       |     1 |     3 |     6 |     3 |     4 ||    17
       Scroll            |       |       |     9 |    13 |    10 |     2 ||    34
 Stab: Distracted        |       |       |       |     3 |     4 |       ||     7
       Petrifying        |       |       |       |       |     2 |       ||     2
       Invisible         |       |       |       |       |     3 |       ||     3
       Sleeping          |       |       |       |       |     3 |       ||     3
  Eat: Chunk             |       |    12 |     7 |    21 |    38 |     3 ||    81
       Bread ration      |       |       |     1 |     4 |     1 |       ||     6
       Fruit             |       |       |       |     1 |       |       ||     1
       Meat ration       |       |       |       |       |     1 |     1 ||     2
       Royal jelly       |       |       |       |       |     1 |       ||     1
       Beef jerky        |       |       |       |       |     1 |       ||     1
